 Dungeon Crawl Stone Soup version 0.24.0-13-gcf9b3192b9 (webtiles) character file.

Game seed: 15730014844369703454, levelgen mode: deterministic

50 Matador8 the Vexing (level 3, -3/19 HPs)
             Began as a Vampire Enchanter on Nov 5, 2019.
             Slain by a gnoll (8 damage)
             ... on level 2 of the Dungeon.
             The game lasted 00:06:51 (2218 turns).

Matador8 the Vexing (Vampire Enchanter)             Turns: 2218, Time: 00:06:52

Health: -3/19      AC:  2    Str:  7    XL:     3   Next: 55%
Magic:  6/7        EV: 12    Int: 18    God:
Gold:   191        SH:  0    Dex: 14    Spells: 1/8 levels left

rFire    . . .     SeeInvis +   a - +1 dagger
rCold    + + .     Gourm    .   (no shield)
rNeg     + + +     Faith    .   b - +0 robe
rPois    ∞         Spirit   .   (no helmet)
rElec    .         Reflect  .   (no cloak)
rCorr    .         Harm     .   (no gloves)
MR       .....                  (no boots)
Stlth    +++++.....             (no amulet)
HPRegen  0.00/turn              (no ring)
MPRegen  0.10/turn              (no ring)

@: bloodless, regenerating quickly
A: no food, fangs 3, see invisible, unbreathing
a: Bat Form, Revivify


You were on level 2 of the Dungeon.
You were bloodless.

You visited 1 branch of the dungeon, and saw 3 of its levels.

You collected 191 gold pieces.

Inventory:

Hand Weapons
 a - a +1 dagger (weapon)
Armour
 b - a +0 robe (worn)
Jewellery
 c - an uncursed amulet of regeneration {unknown}
Scrolls
 d - 3 scrolls of identify {unknown}
 i - a scroll of blinking {unknown}
Potions
 e - a potion of curing {unknown}
 f - a potion of ambrosia {unknown}
 g - a potion of agility {unknown}
 h - a potion of degeneration {unknown}


   Skills:
 + Level 2.1 Short Blades
 - Level 2.1 Dodging
 - Level 4.4 Stealth
 * Level 3.0 Spellcasting
 - Level 5.0 Hexes


You had one spell level left.
You knew the following spells:

 Your Spells              Type           Power        Failure   Level  Hunger
a - Corona                Hex            ###....      1%          1    N/A
b - Confuse               Hex            ###.....     6%          3    N/A
c - Tukima's Dance        Hex            ###.....     6%          3    N/A

Your spell library contained the following spells:

 Spells                   Type           Power        Failure   Level  Hunger
 Ensorcelled Hibernation  Hex/Ice        ##....       9%          2    N/A
 Dazzling Spray           Conj/Hex       ##....       17%         3    N/A

Dungeon Overview and Level Annotations

Branches:
Dungeon (3/15)

Altars:


Innate Abilities, Weirdness & Mutations

You do not eat.
You do not regenerate when monsters are visible.
You are frail without blood (-20% HP).
You can heal yourself when you bite living creatures.
You are immune to poison.
You have razor-sharp teeth.
You have supernaturally acute eyesight. (SInv)
You can survive without breathing.


Message History

Press: ? - help, Shift-Dir - straight line, f - jackal
Aim: a jackal (hasn't noticed you, chance to defeat MR: 75%)
The jackal barks!
The jackal is outlined in light.
The gnoll shouts!
The jackal barks! x2; You hear a shout!
The gnoll hits you!
You climb upwards.
There is a stone staircase leading down here.
Casting: Corona (safe; 1% risk of failure)
Confirm with . or Enter, or press ? or * to list all spells.
Aiming: Confuse (safe; 6% risk of failure)
Press: ? - help, Shift-Dir - straight line, f - gnoll
Aim: a gnoll (chance to defeat MR: 59%)
The gnoll appears confused.
The gnoll hits you.
* * * LOW HITPOINT WARNING * * *
The gnoll seems less confused.
Continue your ritual?
You begin the revivification ritual.
You continue your ritual. x5
The gnoll hits you!
You die...

#.#
#.###..###########
#.# #.# #..#
#...... #.# #.#
#..# #.##### #.#
#.# #..# #.# #.#
#.# #..# #.# #.#
#.# #..# #.# #.#
#.# #..# #.####
#.# #g###..#
#....# #.#
#@#....# ####.#
#.# #.#.##.# #.#
#.# #.#.##.# #.#
#.# #.#....# #.#
#.#
#.#############.#
#.#
#.#...........#.##
#.#
#.#.#########.#...
#.#
#.#.#.......#.#.##
#.#
#.#.#.#####.#.####


You could see a gnoll.

Vanquished Creatures
  An adder (D:2)
  2 dart slugs
  A giant cockroach (D:1)
  9 goblins
  4 hobgoblins
  4 jackals
  2 bats
  3 frilled lizards (D:1)
  3 kobolds
  4 rats
33 creatures vanquished.

Notes
Turn   | Place    | Note
-------+----------+-------------------------------------------
     0 | D:1      | Matador8 the Vampire Enchanter began the quest for the Orb.
     0 | D:1      | Reached XP level 1. HP: 13/13 MP: 3/3
   154 | D:1      | Reached XP level 2. HP: 19/19 MP: 5/5
  1232 | D:2      | You fall into a shaft and drop 1 floor!
  1236 | D:3      | Reached XP level 3. HP: 24/24 MP: 7/7
  1402 | D:2      | Learned a level 3 spell: Confuse
  1407 | D:2      | Learned a level 3 spell: Tukima's Dance
  1756 | D:2      | Reached skill level 5 in Hexes
  2218 | D:2      | Slain by a gnoll

Levels and vault maps discovered:
D:1:      kilobyte_arrival_exit_the_forest, layout_basic, lemuel_old_faithful
D:2:      layout_basic, minmay_misc_feat_alley
D:3:      layout_loops_ring, marbit_many_paths, lemuel_doored_altar,
          minivault_11

Skill      XL: |  1  2  3 |
---------------+----------+-----
Short Blades   | 2 |  2.1
Hexes          | 5 |  5.0
Spellcasting   | 3 |  3.0
Dodging        | |  2.1
Stealth        | |  4.4

Action                   || total
-------------------------++-------
Melee: Dagger            ||   105
       Bite              ||     7
 Cast: Corona            ||    19
       Confuse           ||     2
 Abil: Exsanguinate      ||     1
       Revivify          ||     1
 Stab: Sleeping          ||    11
Armor: Robe              ||     9
Dodge: Dodged            ||    56
